 Dungeon Crawl Stone Soup version 0.22.1-2-g9c5b331383 (webtiles) character file.

31 Jukra the Chucker (level 3, -2/37 HPs)
             Began as an Ogre Hunter on Dec 24, 2018.
             Slain by a jackal (3 damage)
             ... on level 1 of the Dungeon.
             The game lasted 00:02:03 (961 turns).

Jukra the Chucker (Ogre Hunter)                      Turns: 961, Time: 00:02:03

Health: -2/37      AC:  3    Str: 17    XL:     3   Next: 22%
Magic:  3/3        EV: 10    Int: 12    God:
Gold:   18         SH:  0    Dex:  9    Spells: 2/2 levels left

rFire    . . .     SeeInvis .   a - +0 short sword
rCold    . . .     Gourm    .   (no shield)
rNeg     . . .     Faith    .   b - +0 robe
rPois    .         Spirit   .   (helmet restricted)
rElec    .         Reflect  .   (no cloak)
rCorr    .         Harm     .   (gloves unavailable)
MR       .....                  (boots unavailable)
Stlth    +.........             (no amulet)
HPRegen  0.12/turn              (no ring)
MPRegen  0.08/turn              (no ring)

@: no status effects
A: large, unfitting armour, tough skin 1
a: no special abilities


You were on level 1 of the Dungeon.
You were not hungry.

You visited 1 branch of the dungeon, and saw 2 of its levels.

You collected 18 gold pieces.

Inventory:

Hand Weapons
 a - a +0 short sword (weapon)
 j - a +0 dagger
Missiles
 c - 4 large rocks (quivered)
 d - a throwing net
Armour
 b - a +0 robe (worn)
Jewellery
 e - an uncursed amulet of faith {unknown}
Scrolls
 g - 2 scrolls of teleportation {unknown}
 h - a scroll of remove curse {unknown}
 i - a scroll of fear {unknown}
 k - 2 scrolls of identify {unknown}
Potions
 l - a potion of brilliance {unknown}
Comestibles
 f - 4 rations


   Skills:
 + Level 3.0 Fighting
 + Level 0.5 Short Blades
 + Level 4.8 Throwing
 + Level 1.8 Dodging
 + Level 0.6 Stealth


You had 2 spell levels left.
You didn't know any spells.
Your spell library was empty.

Dungeon Overview and Level Annotations

Branches:
Dungeon (2/15)

Altars:


Innate Abilities, Weirdness & Mutations

You are too large for most types of armour.
You have tough skin. (AC +1)


Message History

* * * LOW HITPOINT WARNING * * *
The jackal bites you but does no damage.
The goblin hits you with a dagger.
* * * LOW HITPOINT WARNING * * *
The jackal closely misses you. The goblin closely misses you.
Throwing (i - inventory. (/) - cycle)
c - 6 large rocks (quivered)
Press: ? - help, Shift-Dir - straight line, f - goblin
Aim: a goblin, wielding a dagger You throw a large rock.
The large rock hits the goblin.
The goblin is almost dead.
The jackal barely misses you. The goblin barely misses you.
The jackal bites you but does no damage.
Unknown command.
Throwing (i - inventory. (/) - cycle)
c - 5 large rocks (quivered)
Press: ? - help, Shift-Dir - straight line, f/p - goblin
Aim: a goblin, wielding a dagger (almost dead)
You throw a large rock. The large rock hits the goblin!!
You kill the goblin!
The jackal bites you.
You die...

.###### #.#........# #.#.... .#
#.#........# #.##### .#
#..........#######.# ### .#
##.########........###.. .# #.##
#............. .# #..#
#######..####.#.. .###########.#
#.(...[.......... .........#
#.####(...........##.. .#######.#
#..##@(.....##....##..
...#####.####..h.)...(.##........
##.##.....[.#.....##........[....
#.##.......#.....##.............
#.##.......#....................
#.##.......#......(.............
##.#####'####...##...............
..........# #...##..........<....
..........# #....................


You could see a jackal.

Vanquished Creatures
  An ooze (D:1)
  2 dart slugs (D:1)
  3 bats (D:1)
  4 goblins (D:1)
  2 hobgoblins (D:1)
  3 jackals
  A kobold (D:1)
  2 ball pythons (D:1)
  A frilled lizard (D:1)
19 creatures vanquished.

Notes
Turn   | Place    | Note
-------+----------+-------------------------------------------
     0 | D:1      | Jukra the Ogre Hunter began the quest for the Orb.
     0 | D:1      | Reached XP level 1. HP: 22/22 MP: 1/1
    24 | D:1      | Reached XP level 2. HP: 29/29 MP: 2/2
   587 | D:1      | Reached XP level 3. HP: 36/36 MP: 3/3
   959 | D:1      | HP: 1/37 [goblin/dagger (2)]
   961 | D:1      | Slain by a jackal

Skill      XL: |  1  2  3 |
---------------+----------+-----
Fighting       | 3 |  3.0
Short Blades   | |  0.5
Throwing       | |  4.8
Dodging        | |  1.8
Stealth        | |  0.6

Action                   || total
-------------------------++-------
Melee: Short sword       ||    60
Throw: Large rock        ||    12
       Throwing net      ||     1
 Stab: Held in net/web   ||     1
Armor: Robe              ||    44
Dodge: Dodged            ||    63
